AoeStats
← DariiX

MegaRandom

506842031Analyzed
2v2 RM · 16d ago on Sep 15, 2026· 58m 2s· 4 players
Game mode
Random Map
Map size
Medium (4 player)
Population
200
Speed
Normal
Resources
Standard
Victory
Conquest
Starting age
Dark Age
Ending age
Imperial Age
RankedLock teamsTeams togetherTeam positionsShared explorationLock speedFull tech treeHidden civsTurbo modeCheats
Victory
Defeat
🇵🇱 Poles · Poland
822
+33
🇨🇳 Chinese · China
701
+18
🇹🇷 Japanese · Türkiye
769
-16
🇫🇷 Spanish · France
756
-16
SkyRaven
12:20 Feudal Age
11:09 Loom
14:39 Double-Bit Axe
14:35 Horse Collar
16:31 Wheelbarrow
15:42 Town Watch
15:55 Fletching
16:27 Gold Mining
16:37 Stone Mining
20:07 Padded Archer Armor
26:05 Castle Age
27:00 Bodkin Arrow
27:10 Heavy Plow
27:23 Bow Saw
28:25 Caravan
29:57 Forging
29:54 Scale Barding Armor
30:54 Stone Shaft Mining
32:28 Hand Cart
32:13 Town Patrol
35:29 Town Patrol
36:50 Iron Casting
37:03 Husbandry
37:27 Bloodlines
39:05 Chain Barding Armor
39:14 Ballistics
42:24 Imperial Age
41:17 Murder Holes
42:39 Elite Conquistador
45:55 Bracer
46:57 Blast Furnace
46:36 Plate Barding Armor
47:53 Two-Man Saw
47:37 Conscription
48:23 Chemistry
47:33 Light Cavalry
47:44 Cavalier
47:59 Pikeman
48:43 Halberdier
50:22 Fortified Wall
49:59 Arrowslits
51:11 Leather Archer Armor
50:56 Scale Mail Armor
51:04 Squires
52:03 Thumb Ring
53:58 Ring Archer Armor
53:43 Chain Mail Armor
53:21 Paladin
zKan
0:41 Loom
13:59 Feudal Age
14:48 Double-Bit Axe
16:41 Wheelbarrow
19:28 Stone Mining
19:30 Gold Mining
19:55 Man-at-Arms
20:22 Arson
25:11 Castle Age
DariiX
11:41 Feudal Age
13:03 Wheelbarrow
14:26 Double-Bit Axe
14:53 Horse Collar
18:38 Stone Mining
18:39 Gold Mining
18:18 Man-at-Arms
21:19 Forging
22:07 Bloodlines
25:27 Castle Age
24:36 Scale Barding Armor
25:52 Scale Mail Armor
25:57 Light Cavalry
27:18 Iron Casting
27:37 Husbandry
29:42 Chain Mail Armor
30:15 Bow Saw
30:44 Heavy Plow
32:56 Hand Cart
33:48 Stone Shaft Mining
33:12 Herbal Medicine
34:39 Chain Barding Armor
37:41 Imperial Age
39:21 Crop Rotation
39:53 Blast Furnace
39:24 Plate Mail Armor
38:43 Town Watch
38:44 Loom
39:15 Winged Hussar
40:51 Town Patrol
43:33 Chemistry
43:02 Cavalier
43:31 Treadmill Crane
44:45 Lechitic Legacy
44:51 Caravan
45:21 Coinage
45:55 Szlachta Privileges
46:50 Fletching
47:01 Padded Archer Armor
46:24 Long Swordsman
46:24 Pikeman
46:50 Arson
47:06 Squires
47:03 Elite Obuch
47:08 Two-Handed Swordsman
50:59 Bodkin Arrow
51:20 Leather Archer Armor
55:11 Redemption
55:02 Devotion
55:38 Theocracy
55:18 Block Printing
55:14 Fervor
55:25 Sanctity
55:28 Ballistics
55:29 Bombard Tower
54:54 Arrowslits
54:59 Guard Tower
55:20 Fortified Wall
55:05 Murder Holes
55:21 Clinker Construction
55:23 Careening
55:18 Siege Engineers
55:24 Masonry
55:39 Conscription
54:49 Sappers
55:54 Hoardings
55:28 Spies/Treason
55:43 Sappers
56:49 Hoardings
56:18 Bracer
57:04 Banking
58:07 Faith
626566706
0:32 Loom
11:45 Feudal Age
14:06 Double-Bit Axe
14:08 Horse Collar
22:05 Castle Age
20:48 Arson
21:34 Scale Mail Armor
21:46 Forging
21:41 Town Watch
23:58 Wheelbarrow
23:52 Chain Mail Armor
23:49 Husbandry
23:59 Stone Mining
26:43 Gold Mining
27:30 Stone Shaft Mining
32:56 Hand Cart
32:54 Town Patrol
32:59 Padded Archer Armor
32:50 Fletching
37:20 Imperial Age
35:05 Heavy Plow
35:24 Leather Archer Armor
36:14 Bodkin Arrow
36:44 Bow Saw
37:02 Ballistics
36:53 Masonry
36:29 Light Cavalry
39:47 Ring Archer Armor
39:49 Plate Mail Armor
41:36 Conscription
41:16 Heavy Scorpion
42:10 Bracer
42:12 Murder Holes
43:01 Great Wall
42:27 Crossbowman
43:19 Scale Barding Armor
44:36 Gold Shaft Mining
45:27 Architecture
45:08 Fortified Wall
48:02 Bloodlines
50:21 Iron Casting
50:07 Chain Barding Armor
50:54 Chemistry
50:31 Elite Fire Lancer
52:00 Thumb Ring
56:49 Rocketry
56:36 Arrowslits
Connection lost

Rejoining the realm…

Still unreachable

The connection could not be restored.

Session expired

The server has moved on; the page needs a fresh start.